 Dungeon Crawl Stone Soup version 0.30-a0-672-gc3a7216ad8 (webtiles) character file.

Game seed: 6568153312240919917

109088 Newt the Markskobold (level 17, -3/98 (99) HPs)
             Began as a Kobold Hunter on Jan 18, 2023.
             Was the Champion of Hepliaklqana.
             Succumbed to poison (poison gas)
             ... on level 3 of the Swamp.
             The game lasted 00:33:47 (24138 turns).

Newt the Markskobold (Kobold Hunter)               Turns: 24138, Time: 00:33:47

HP:   -3/98 (99)    AC: 11    Str:  9    XL:     17   Next: 6%
MP:   16/26         EV: 31    Int: 14    God:    Hepliaklqana [******]
Gold: 1550          SH:  0    Dex: 30    Spells: 22/28 levels left

rFire   . . .      SeeInvis +    K - +5 shortbow (drain)
rCold   . . .      Faith    .    (shield currently unavailable)
rNeg    . . .      Spirit   +    C - +0 troll leather armour
rPois   .          Reflect  .    (no helmet)
rElec   .          Harm     .    q - +0 cloak of Eternity {Contam Fly Regen+}
rCorr   .          Rampage  .    (no gloves)
Will    +....                    k - +1 pair of boots
Stlth   ++++++                   Z - amulet "Immuuxta" {Spirit *Corrode SInv Stlth+}
HPRegen 1.96/turn                U - +6 ring of dexterity
MPRegen 0.20/turn                E - +4 ring of slaying

@: lethally poisoned (-3 -> -29), flying, lightly drained
A: reduced essence, small, no large weapons, nightstalker 3, iridescent scales
1, clever 1, sense surroundings 1
a: Renounce Religion, Recall Ancestor, Ancestor Identity, Transference, Idealise


You were on level 3 of the Swamp.
You worshipped Hepliaklqana.
Hepliaklqana was exalted by your worship.
You visited 5 branches of the dungeon, and saw 23 of its levels.

You collected 2517 gold pieces.
You spent 967 gold pieces at shops.

Inventory:

Hand Weapons
 a - a +2 shortbow of draining
 K - a +5 shortbow of draining (weapon)
Missiles
 D - a throwing net
Armour
 c - +0 swamp dragon scales
 k - a +1 pair of boots (worn)
 q - the +0 cloak of Eternity (worn) {Contam Fly Regen+}
   (You acquired it on level 5 of the Dungeon)

   Fly:       It grants you flight.
   Contam:    It causes magical contamination when unequipped.
   Regen:     It increases your rate of health regeneration.
 A - a +2 robe of fire resistance
 C - a +0 troll leather armour (worn)
Jewellery
 r - an amulet of reflection
 t - an amulet of faith
 E - a +4 ring of slaying (right hand)
 O - a +6 ring of intelligence
 U - a +6 ring of dexterity (left hand)
 X - the ring of Noon {rC+ Int+5}
   (You found it on level 5 of the Lair of Beasts)

   [ring of protection from cold]

   Int:       It affects your intelligence (+5).
   rC:        It protects you from cold.
 Z - the amulet "Immuuxta" (around neck) {Spirit *Corrode SInv Stlth+}
   (You bought it in a shop on level 2 of the Orcish Mines)

   [amulet of guardian spirit]

   It causes incoming damage to be divided between your reserves of health and
   magic.
   SInv:      It lets you see invisible.
   *Corrode:  It may corrode you when you take damage.
   Stlth:     It makes you more stealthy.
Wands
 w - a wand of charming (15)
 y - a wand of flame (81)
 G - a wand of polymorph (12)
 P - a wand of mindburst (7)
Scrolls
 b - a scroll of enchant armour
 g - a scroll of fog
 s - 4 scrolls of magic mapping
 x - 4 scrolls of blinking
 H - 2 scrolls of amnesia
 L - 3 scrolls of teleportation
 M - 2 scrolls of butterflies
 Q - 4 scrolls of identify
Potions
 f - 14 potions of curing
 h - 2 potions of flight
 i - 7 potions of haste
 j - 4 potions of lignification
 l - 2 potions of brilliance
 m - a potion of might
 u - 3 potions of resistance
 z - 3 potions of magic
 B - 2 potions of invisibility
 F - a potion of cancellation
 Y - a potion of mutation
Miscellaneous
 d - a tin of tremorstones (2/2)
 e - a lightning rod (4/4)
 S - a piece from Xom's chessboard (15/15)
 V - a box of beasts


   Skills:
 - Level 14.0 Fighting
 - Level 16.0 Ranged Weapons
 - Level 8.0 Armour
 - Level 15.0 Dodging
 - Level 6.0 Stealth
 - Level 6.0 Spellcasting
 - Level 7.5 Hexes
 - Level 7.5 Translocations
 + Level 8.2 Invocations
 - Level 13.0 Evocations


You had 22 spell levels left.
You knew the following spells:

 Your Spells              Type           Power      Damage    Failure   Level
a - Portal Projectile     Hex/Tloc       50%        N/A       2%          3
b - Summon Guardian Gole  Hex/Summ       14%        N/A       13%         3

Your spell library contained the following spells:

 Spells                   Type           Power      Damage    Failure   Level
 Confusing Touch          Hex            25%        N/A       2%          3
 Ensorcelled Hibernation  Hex/Ice        28%        N/A       7%          2
 Manifold Assault         Tloc           25%        N/A       10%         4
 Kiss of Death            Conj/Necr      16%        2d6       21%         1
 Necrotise                Necr           16%        1d4       21%         1
 Sting                    Tmut/Pois      16%        1d3       21%         1
 Summon Small Mammal      Summ           16%        N/A       21%         1
 Cigotuvi's Dreadful Rot  Necr/Pois/Air  8%         N/A       30%         2
 Passwall                 Tmut/Erth      3%         N/A       30%         2
 Poisonous Vapours        Pois/Air       8%         N/A       30%         2
 Leda's Liquefaction      Hex/Erth       7%         N/A       41%         4
 Call Canine Familiar     Summ           4%         N/A       52%         3
 Mephitic Cloud           Conj/Pois/Air  4%         N/A       52%         3
 Swiftness                Air            4%         N/A       52%         3
 Vampiric Draining        Necr           4%         2d6       52%         3
 Dispersal                Tloc           12%        N/A       82%         6
 Animate Armour           Summ/Erth      8%         N/A       90%         4
 Dispel Undead            Necr           4%         3d7       90%         4
 Olgreb's Toxic Radiance  Pois           4%         N/A       90%         4
 Agony                    Necr           4%         N/A       99%         5
 Blade Hands              Tmut           2%         N/A       99%         5
 Death Channel            Necr           2%         N/A       100%        6
 Iron Shot                Conj/Erth      2%         9d2       100%        6
 Disjunction              Tloc           12%        N/A       100%        8


Dungeon Overview and Level Annotations

Branches:
Dungeon (11/15)            Temple (1/1) D:5            Lair (5/5) D:11
  Swamp (4/4) Lair:3       Spider (0/4) Lair:2        Slime (0/5) Lair:5
    Orc (2/2) D:11            Elf (0/3) Orc:2

Altars:
Ashenzari
Cheibriados
Dithmenos
Elyvilon
Fedhas
Gozag
Hepliaklqana
Kikubaaqudgha
Makhleb
Nemelex Xobeh
Okawaru
Qazlal
Ru
Sif Muna
Trog
Uskayaw
Vehumet
Wu Jian
Xom
Yredelemnul
Zin
The Shining One

Shops:
Orc:1 *   Orc:2 !=?*:

Annotations:
D:4 2 transporters
Swamp:3 2 transporters, Newt's ghost, adept KoHu
Swamp:4 Mlioglotl; Nikola


Innate Abilities, Weirdness & Mutations

Your life essence is reduced to manifest your ancestor. (-10% HP)
You are small and have problems with some larger weapons.
You are completely attuned to the shadows.
You are partially covered in iridescent scales. (AC +2)
Your mind is acute. (Int +4, Str/Dex -1)
You passively map a small area around you.


Message History

You drain the swamp dragon.
The swamp dragon is severely wounded.
You are engulfed in poison gas.
You are more poisoned.
You feel extremely sick.
Belshunu hits the swamp dragon with a +0 broad axe of flaming.
Belshunu burns the swamp dragon.
You are engulfed in poison gas.
You are more poisoned.
You feel extremely sick. The swamp dragon completely misses you.
The swamp dragon misses you. x2
The four-headed hydra completely misses you.
The four-headed hydra bites you.
The four-headed hydra completely misses you.
The four-headed hydra barely misses you.
You fly upwards.
Level annotation: 2 transporters, Newt's ghost, adept KoHu You feel extremely sick.
There is a stone staircase leading down here.
Unknown command.
You shoot an arrow. The arrow hits the swamp dragon!
You drain the swamp dragon.
The swamp dragon is almost dead.
You feel very sick. The swamp dragon closely misses you.
The swamp dragon completely misses you. x2
Belshunu is recalled.
You feel extremely sick.
The swamp dragon breathes poison at you.
The blast of poison misses you.
You shoot an arrow. The arrow hits the swamp dragon.
You kill the swamp dragon!
You are engulfed in poison gas.
You are lethally poisoned!
* * * LOW HITPOINT WARNING * * *
x2 You feel extremely sick.
You are engulfed in poison gas.
You are more poisoned.
* * * LOW HITPOINT WARNING * * *
x2 You feel extremely sick.
You die...

♣~~~R♣ ♣~~.....~~♣~.~....~♣ ♣
♣♣..♣♣♣♣♣ ♣.~~~~~<.~♣♣♣♣..~~.♣ ♣
♣♣~)~..♣♣♣♣.~~~~~~.♣♣..♣♣.~~~.
♣♣♣♣....~.♣~♣♣.~~~~~...♣...♣.....
..♣♣.~~§~.♣♣~.~~~~~~~.~......~~~~
...♣.~~~~~♣♣.~~~~~..~.~~...~~~~~~
#..♣~.~~~~.~.~~~.§.♣..♣.~..~~~~~~
#.....~~~~.♣.~~~.☼☼○.~..~.~~~~~~~
##...~§~~~♣♣♣~.~@☼R○.......~~~~~~
.#...~~~~.~♣♣~.~~○○§♣♣..~..~~~~~)
i#..§.~~~~.~...§~~.♣~~.~)~~~~~§~~
i#..~.~~~§.♣~.~~~....~~~~~.§~....
##..>~~~~~♣♣♣.~~~....♣.~~~.....~♣
#......~~~♣♣~~~~~~...♣♣..~~♣♣~.§♣
#......~♣♣~..~~~~~~~.♣♣..~~♣♣.~.♣
...~~~..♣♣..~~~~~§~~.....§♣♣♣.~~.
..~~~~§R♣..~~~~~~~~~.~~.♣♣♣...♣..


You could see the friendly Belshunu the knight.

Vanquished Creatures
  Mara (Swamp:3)
  2 thorn hunters
  A ghoul (Swamp:2)
  Aizul (Swamp:3)
  4 eleionomae
  3 bunyips (Swamp:2)
  The ghost of BigDaddyOpFi the Apostle, a journeyman HOMo of Beogh (Lair:3)
  The ghost of Bediveer the Unseen, a journeyman KoHu of Dithmenos (Lair:2)
  Erolcha (D:10)
  5 hydras
  Fannar (Orc:1)
  2 catoblepae
  4 ghost crabs
  4 alligators
  A death yak (Lair:1)
  Sonja (Orc:2)
  6 orc high priests (Orc:2)
  16 spriggans
  2 goliath frogs
  A spectral death yak (Lair:3)
  4 skeletal warriors
  3 spriggan druids
  A spectral hydra (Lair:3)
  5 swamp dragons
  2 bog bodies
  A lindwurm (Lair:2)
  An orc knight (Orc:1)
  An orc sorcerer (Orc:2)
  2 ugly things
  An oklob plant (Lair:4)
  A manticore (D:11)
  A cyclops (Orc:1)
  A will-o-the-wisp (Swamp:2)
  Joseph (D:9)
  11 elephants
  Maurice (D:9)
  5 black mambas
  11 cane toads
  2 torpor snails
  2 rime drakes
  Psyche (D:9)
  2 kobold demonologists
  3 komodo dragons
  5 tyrant leeches
  5 trolls
  10 hornets
  33 blink frogs
  2 polar bears
  Sigmund (D:5)
  A vampire (D:9)
  2 wyverns
  25 yaks
  A wraith (D:9)
  2 steam dragons
  11 vampire mosquitoes
  2 basilisks
  Grum (D:9)
  5 wargs (Orc:2)
  11 swamp worms
  An acid dragon (D:10)
  6 swamp drakes
  4 water moccasins
  2 ice beasts
  11 orc warriors
  A sky beast (D:7)
  A black bear (Lair:3)
  8 ogres
  6 wolves
  3 centaurs
  A phantom (D:6)
  4 kobold brigands
  20 bullfrogs
  2 gnoll sergeants
  A necrophage (D:5)
  A scorpion (Lair:1)
  A wight (D:7)
  5 killer bees (D:10)
  4 electric eels
  2 hounds (D:6)
  2 jellies (D:7)
  Crazy Yiuf (D:7)
  22 orc priests
  8 iguanas
  14 orc wizards
  8 gnolls
  3 adders
  2 shadow imps
  A white imp (D:8)
  An ufetubus (D:5)
  4 worms
  3 dart slugs
  41 orcs
  8 bats
  6 endoplasms
  5 giant cockroaches
  13 goblins
  5 hobgoblins
  A jackal (D:4)
  5 quokkas
  7 ball pythons
  A frilled lizard (D:1)
  11 kobolds
  A rat (D:1)
  A briar patch (Swamp:3)
496 creatures vanquished.

Vanquished Creatures (collateral kills)
  2 bunyips
  A shambling mangrove (Swamp:2)
  3 hydras
  A boulder beetle (Lair:3)
  3 alligators (Swamp:2)
  4 orc high priests
  A fire crab (Lair:5)
  A skeletal warrior (D:11)
  A goliath frog (Swamp:2)
  2 spriggan druids (Swamp:1)
  A bog body (Swamp:1)
  The ghost of browni3141 the Covert, a novice KoBr (D:8)
  5 elephants
  A black mamba (Lair:2)
  9 cane toads
  A rime drake (Lair:1)
  A polar bear (Lair:3)
  2 trolls
  2 tyrant leeches
  A bloated husk (Swamp:3)
  6 blink frogs
  12 hornets
  5 spriggans
  A wraith (D:11)
  A wyvern (Lair:4)
  11 yaks
  5 swamp worms
  A steam dragon (D:8)
  2 vampire mosquitoes
  3 water moccasins
  A spectral polar bear (Lair:3)
  4 orc warriors
  A swamp drake (Swamp:3)
  An ogre (Orc:1)
  4 wolves
  A kobold brigand (D:10)
  5 bullfrogs
  A killer bee (D:10)
  An electric eel (Lair:5)
  10 orc priests
  2 orc wizards
  25 orcs
  2 kobolds
  5 briar patches
153 creatures vanquished.

Vanquished Creatures (others)
  A spriggan (Swamp:4)
  A goliath frog (Swamp:4)
  A bloated husk (Swamp:1)
  A hornet (Swamp:4)
  11 knights
  3 ancestors
  An orc wizard (D:9)
  An orc (D:9)
  13 fungi
  93 plants
  9 toadstools (Swamp:1)
135 creatures vanquished.

Grand Total: 784 creatures vanquished

Notes
Turn   | Place    | Note
-------+----------+-------------------------------------------
     0 | D:1      | Newt the Kobold Hunter began the quest for the Orb.
     0 | D:1      | Reached XP level 1. HP: 12/12 MP: 1/1
     1 | D:1      | Noticed a minotaur zombie
     7 | D:1      | Noticed a minotaur zombie
    13 | D:1      | Noticed a merfolk zombie
    19 | D:1      | Noticed a minotaur zombie
    19 | D:1      | Noticed a merfolk zombie
    74 | D:1      | Reached XP level 2. HP: 15/17 MP: 2/2
   191 | D:1      | Found a faded altar of an unknown god.
   318 | D:1      | Reached XP level 3. HP: 22/22 MP: 3/3
  2377 | D:3      | Reached XP level 4. HP: 29/29 MP: 4/4
  3184 | D:4      | Reached skill level 6 in Ranged Weapons
  3275 | D:4      | Reached XP level 5. HP: 33/33 MP: 5/5
  3488 | D:4      | Found a transporter.
  3542 | D:4      | Found a transporter.
  4108 | D:5      | Entered Level 5 of the Dungeon
  4303 | D:5      | Found a staircase to the Ecumenical Temple.
  4335 | Temple   | Entered the Ecumenical Temple
  4504 | Temple   | Became a worshipper of Hepliaklqana the Forgotten
  4539 | D:5      | Reached skill level 7 in Ranged Weapons
  4610 | D:5      | Identified a scroll of acquirement
  4632 | D:5      | Acquired the +0 cloak of Eternity {Contam Fly Regen+}
  4655 | D:5      | Noticed an ogre
  4656 | D:5      | Noticed Sigmund
  4669 | D:5      | Killed an ogre
  4670 | D:5      | Reached skill level 8 in Ranged Weapons
  4670 | D:5      | Reached XP level 6. HP: 38/38 MP: 6/6
  4708 | D:5      | Killed Sigmund
  4709 | D:5      | Reached skill level 5 in Dodging
  4709 | D:5      | Reached XP level 7. HP: 27/43 MP: 7/7
  5916 | D:6      | Noticed a water moccasin
  5923 | D:5      | Killed a water moccasin
  5924 | D:5      | Reached XP level 8. HP: 42/48 MP: 8/8
  5925 | D:6      | Noticed a troll
  5935 | D:5      | Killed a troll
  5936 | D:5      | Reached skill level 5 in Evocations
  6367 | D:6      | Reached XP level 9. HP: 52/52 MP: 9/9
  6427 | D:6      | Reached skill level 5 in Armour
  6575 | D:7      | Found a sparkling altar of Nemelex Xobeh.
  6585 | D:7      | Reached skill level 9 in Ranged Weapons
  6597 | D:7      | Reached * piety under Hepliaklqana
  6649 | D:7      | Reached skill level 10 in Ranged Weapons
  6694 | D:7      | Reached skill level 11 in Ranged Weapons
  6711 | D:7      | Reached skill level 12 in Ranged Weapons
  7219 | D:7      | Found a runed translucent door.
  7222 | D:7      | Noticed Crazy Yiuf
  7301 | D:7      | Reached XP level 10. HP: 50/50 MP: 10/10
  7557 | D:7      | Killed Crazy Yiuf
  7653 | D:8      | Noticed a red ugly thing
  7666 | D:8      | Killed a red ugly thing
  7667 | D:8      | Reached skill level 5 in Fighting
  7813 | D:8      | Noticed browni3141's ghost (novice KoBr)
  7820 | D:8      | Found a runed translucent door.
  8678 | D:8      | Killed browni3141's ghost
  9045 | D:9      | Noticed Joseph
  9059 | D:9      | Killed Joseph
  9083 | D:9      | Noticed Maurice
  9382 | D:9      | Noticed Psyche
  9393 | D:9      | Killed Psyche
  9570 | D:9      | Reached ** piety under Hepliaklqana
  9619 | D:9      | Killed Maurice
  9620 | D:9      | Reached XP level 11. HP: 63/63 MP: 11/11
  9858 | D:9      | Noticed Grum
  9866 | D:9      | Remembered your ancestor Belshunu as a knight
  9867 | D:9      | Killed Grum
  9874 | D:9      | Reached skill level 13 in Ranged Weapons
 10216 | D:10     | Entered Level 10 of the Dungeon
 10247 | D:10     | Noticed Erolcha
 10259 | D:9      | Reached skill level 14 in Ranged Weapons
 10391 | D:10     | Killed Erolcha
 10392 | D:10     | Reached skill level 10 in Dodging
 11342 | D:11     | Noticed a green ugly thing
 11350 | D:11     | Killed a green ugly thing
 11567 | D:11     | Noticed a soul eater
 11569 | D:11     | Noticed a sun demon
 11574 | D:11     | Reached *** piety under Hepliaklqana
 11617 | D:11     | Found a staircase to the Lair.
 11715 | D:11     | Noticed a skeletal warrior
 11720 | D:11     | Noticed a skeletal warrior
 11725 | D:11     | Noticed a skeletal warrior
 11728 | D:11     | Noticed a skeletal warrior
 11729 | D:11     | Killed a skeletal warrior
 11729 | D:11     | Noticed a skeletal warrior
 11730 | D:11     | Reached XP level 12. HP: 68/68 MP: 9/12
 11773 | D:10     | Killed a skeletal warrior
 11774 | D:10     | Reached skill level 15 in Ranged Weapons
 11912 | D:10     | Killed a skeletal warrior
 12161 | D:11     | Killed a skeletal warrior
 12200 | D:11     | Reached skill level 16 in Ranged Weapons
 12200 | D:11     | Reached skill level 1 in Invocations
 12775 | D:11     | Killed a skeletal warrior
 12886 | D:11     | Found a staircase to the Orcish Mines.
 13102 | Lair:1   | Entered Level 1 of the Lair of Beasts
 13120 | Lair:1   | Noticed a catoblepas
 13130 | Lair:1   | Killed a catoblepas
 13131 | Lair:1   | Reached skill level 5 in Invocations
 13486 | Lair:1   | Reached **** piety under Hepliaklqana
 13517 | Lair:1   | Noticed a death yak
 13524 | Lair:1   | Killed a death yak
 13943 | Lair:2   | Reached XP level 13. HP: 72/72 MP: 17/17
 14195 | Lair:2   | Found a transporter.
 14210 | Lair:2   | Found a transporter.
 14235 | Lair:2   | Found a hole to the Spider Nest.
 14667 | Lair:2   | Found a sacrificial altar of Ru.
 14901 | Lair:2   | Noticed a catoblepas
 14909 | Lair:2   | Noticed Bediveer's ghost (journeyman KoHu)
 15003 | Lair:2   | Killed Bediveer's ghost
 15004 | Lair:2   | Reached skill level 5 in Stealth
 15006 | Lair:2   | Killed a catoblepas
 15146 | Lair:3   | Found a runed translucent gate.
 15147 | Lair:3   | Found a runed translucent gate.
 15147 | Lair:3   | Found a runed translucent gate.
 15150 | Lair:3   | Noticed BigDaddyOpFi's ghost (journeyman HOMo)
 15150 | Lair:3   | Noticed a nine-headed hydra
 15179 | Lair:3   | Reached ***** piety under Hepliaklqana
 15234 | Lair:3   | Reached skill level 10 in Fighting
 15783 | Lair:3   | Noticed a ghost crab
 15793 | Lair:3   | Killed a ghost crab
 15794 | Lair:3   | Reached XP level 14. HP: 27/80 MP: 18/18
 15841 | Lair:3   | Found a staircase to the Swamp.
 16330 | Lair:3   | Killed BigDaddyOpFi's ghost
 16424 | Lair:4   | Reached skill level 10 in Evocations
 17762 | Lair:5   | Entered Level 5 of the Lair of Beasts
 18148 | Lair:5   | Reached XP level 15. HP: 86/86 MP: 19/19
 18248 | Lair:5   | Gained mutation: You do not regenerate when monsters are
                  | visible. [potion of mutation]
 18248 | Lair:5   | Gained mutation: You expend magic power (3 MP) to
                  | strengthen your wands. [potion of mutation]
 18249 | Lair:5   | Lost mutation: You do not regenerate when monsters are
                  | visible. [potion of mutation]
 18249 | Lair:5   | Lost mutation: You expend magic power (3 MP) to strengthen
                  | your wands. [potion of mutation]
 18249 | Lair:5   | Gained mutation: You occasionally shout uncontrollably at
                  | your foes. [potion of mutation]
 18249 | Lair:5   | Gained mutation: You possess an exceptional clarity of
                  | mind. [potion of mutation]
 18303 | Lair:5   | Identified the +1 leather armour of the Furies {MP+9}
 18308 | Lair:5   | Identified the ring of Noon {rC+ Int+5}
 18318 | Lair:5   | Identified the +7 glaive of Midsummer {speed, rElec rPois
                  | rN+ Dex+2}
 18390 | Lair:5   | Found a staircase to the Slime Pits.
 18501 | Lair:5   | Reached skill level 15 in Dodging
 18943 | Orc:1    | Entered Level 1 of the Orcish Mines
 18976 | Orc:1    | Noticed Fannar
 18988 | Orc:1    | Killed Fannar
 19053 | Orc:1    | Found Weth's Overcharged Wands.
 19431 | Orc:2    | Entered Level 2 of the Orcish Mines
 19626 | Orc:2    | Reached ****** piety under Hepliaklqana
 19714 | Orc:2    | Reached skill level 1 in Spellcasting
 19751 | Orc:2    | Noticed Sonja
 19761 | Orc:2    | Killed Sonja
 19952 | Orc:2    | Found a staircase to the Elven Halls.
 20015 | Orc:2    | Found Fessesam's Book Boutique.
 20020 | Orc:2    | Bought a book of the Hunter for 286 gold pieces
 20104 | Orc:2    | Learned a level 3 spell: Portal Projectile
 20168 | Orc:2    | Found Edisecadd's Distillery.
 20173 | Orc:2    | Bought a potion of mutation for 144 gold pieces
 20177 | Orc:2    | Found Zoyl's Jewellery Shop.
 20208 | Orc:2    | Found Yshi Luf's Magic Scroll Emporium.
 20218 | Orc:2    | Found Onishrif's General Store.
 20401 | Orc:2    | Bought the amulet "Immuuxta" {Spirit *Corrode SInv Stlth+}
                  | for 537 gold pieces
 20585 | Swamp:1  | Entered Level 1 of the Swamp
 20656 | Swamp:1  | Reached skill level 5 in Spellcasting
 20945 | Swamp:1  | Reached skill level 1 in Hexes
 20945 | Swamp:1  | Reached skill level 1 in Translocations
 20949 | Swamp:1  | Noticed a thorn hunter
 20956 | Swamp:1  | Killed a thorn hunter
 21025 | Swamp:1  | Reached XP level 16. HP: 95/95 MP: 25/25
 21676 | Swamp:2  | Reached skill level 5 in Hexes
 21676 | Swamp:2  | Reached skill level 5 in Translocations
 21790 | Swamp:2  | Lost mutation: You possess an exceptional clarity of mind.
                  | [potion of mutation]
 21790 | Swamp:2  | Lost mutation: You occasionally shout uncontrollably at
                  | your foes. [potion of mutation]
 21790 | Swamp:2  | Gained mutation: Your mind is acute. (Int +4, Str/Dex -1)
                  | [potion of mutation]
 21790 | Swamp:2  | Gained mutation: You passively map a small area around you.
                  | [potion of mutation]
 21790 | Swamp:2  | Gained mutation: You are partially covered in iridescent
                  | scales. (AC +2) [potion of mutation]
 22380 | Swamp:3  | Noticed a thorn hunter
 22526 | Swamp:3  | Noticed Aizul
 22542 | Swamp:3  | Killed Aizul
 22623 | Swamp:3  | Found a transporter.
 22624 | Swamp:3  | Found a transporter.
 22630 | Swamp:3  | Identified the ring "Leasapp" {Contam rElec rC++ Will+
                  | Stlth+}
 22643 | Swamp:3  | Noticed Newt's ghost (adept KoHu)
 22994 | Swamp:3  | Noticed Mara
 23001 | Swamp:3  | Noticed Newt's illusion
 23205 | Swamp:3  | Learned a level 3 spell: Summon Guardian Golem
 23383 | Swamp:3  | Noticed Newt's illusion
 23710 | Swamp:3  | Killed Mara
 23785 | Swamp:3  | Killed a thorn hunter
 23835 | Swamp:3  | Reached XP level 17. HP: 69/95 MP: 21/26
 23988 | Swamp:4  | Entered Level 4 of the Swamp
 24004 | Swamp:4  | Noticed Nikola
 24013 | Swamp:4  | Noticed Mlioglotl
 24138 | Swamp:3  | Succumbed to poison (poison gas)

Illustrated notes

Levels and vault maps discovered:
D:1:      shiori_arrival_whats_in_store_for_you, layout_basic,
          hellmonk_ecumenical_altar_arch_garden, minmay_tetromino_l4
D:2:      layout_basic, kennysheep_generic_room_10
D:3:      layout_basic, nicolae_kite_square_tiling_tiny,
          kennysheep_generic_room_5
D:4:      layout_basic, gammafunk_ghost_gnarly_gnolls, nrook_mini_backslash,
          minmay_quantized
D:5:      layout_basic, minmay_temple_entry_waves, minmay_between, uniq_sigmund
D:6:      layout_rooms
D:7:      minmay_angry_zag, layout_loops_ring, lemuel_crystal_altar,
          uniq_crazy_yiuf_cottage
D:8:      layout_layer_cave, hellmonk_ghost_happy_afterlife
D:9:      layout_gridville, uniq_grum, uniq_maurice, uniq_psyche, uniq_joseph
D:10:     layout_loops_ring, grunt_ministairs_15,
          hangedman_abyss_or_decor_stagger, minivault_11, uniq_erolcha
D:11:     layout_layer_cave, lair_entry_dummy, david_orc_2
Temple:   grunt_wide_crystal_templ
Lair:1:   layout_hall_layers, serial_bayou_lake_a
Lair:2:   layout_hall_layers, spider_nest_entry_web_field, basic_altar,
          nzn_ghost_randoct, serial_bayou_ford_a
Lair:3:   layout_cave_pods, nicolae_swamp_entry_spooky,
          gammafunk_ghost_hydra_chop
Lair:4:   layout_cave_pods, lemuel_old_faithful
Lair:5:   minmay_lair_end_frog_pond, layout_regular_city, slime_entry_1,
          serial_bayou_shore_b
Swamp:1:  cheibrodos_swamp_tower_of_moss, layout_basic_swamp,
          evilmike_swamp_ruin_house_1
Swamp:2:  layout_basic_swamp, evilmike_swamp_ruin_rubble_1, swamp_pool1,
          nicolae_swamp_soggy_hallways
Swamp:3:  layout_basic_swamp, gammafunk_ghost_wrathful_warriors,
          evilmike_swamp_ruin_house_6, nicolae_swamp_dragon_and_kin, uniq_aizul,
          uniq_mara
Swamp:4:  swamp_old_school, layout_basic_swamp, swamp_pool5,
          nicolae_swamp_some_circles, uniq_mlioglotl, uniq_nikola
Orc:1:    layout_caves, nicolae_shop_overcharged_wands, uniq_fannar
Orc:2:    st_orc_town, layout_diamond_mine, serial_shops,
          nicolae_lakefront_shop, uniq_sonja

Skill      XL: |  1  2  3  4  5  6  7  8  9 10 11 12 13 14 15 16 17 |
---------------+----------------------------------------------------+-----
Stealth        | 2 3 6 |  6.0
Fighting       | 3 4 9 12 14 | 14.0
Ranged Weapons | 6 8 12 14 16 | 16.0
Dodging        | 5 6 9 12 14 15 | 15.0
Evocations     | 4 5 8 13 | 13.0
Armour         | 4 5 8 |  8.0
Invocations    | 6 7 8 |  8.2
Spellcasting   | 6 |  6.0
Hexes          | 2 7 |  7.5
Translocations | 2 7 |  7.5

Action                   |  1- 3 |  4- 6 |  7- 9 | 10-12 | 13-15 | 16-18 || total
-------------------------+-------+-------+-------+-------+-------+-------++-------
Melee: Shortbow          |       |       |       |     1 |       |     1 ||     2
 Fire: Shortbow          |    88 |   153 |   223 |   504 |   983 |   445 ||  2396
Throw: Throwing net      |       |       |       |     1 |       |       ||     1
 Cast: Portal Projectile |       |       |       |       |       |     3 ||     3
       Summon Guardian G |       |       |       |       |       |     1 ||     1
Invok: Recall Ancestor   |       |       |       |     1 |       |     3 ||     4
       Transference      |       |       |       |     1 |       |       ||     1
       Ancestor Life: Kn |       |       |       |     1 |       |       ||     1
       Idealise          |       |       |       |       |       |     1 ||     1
Evoke: Wand              |       |       |       |     7 |       |       ||     7
  Use: Scroll            |     7 |     9 |     1 |    11 |     4 |     4 ||    36
       Potion            |       |       |     1 |     1 |     2 |     5 ||     9
Armor: Leather armour    |     6 |    15 |    14 |       |       |       ||    35
       Troll leather arm |       |       |    16 |    37 |    80 |     7 ||   140
Dodge: Dodged            |    21 |    57 |   128 |   251 |   407 |   150 ||  1014
Block: Other             |       |     7 |    39 |    62 |    93 |       ||   201
       Reflection        |       |       |       |     1 |       |       ||     1

Table legend: (Time is in decaauts)
 A = Elapsed time spent in this place.
 B = Non-inter-level travel time spent in this place.
 C = Inter-level travel time spent in this place.
 D = Time resting spent in this place.
 E = Time spent auto-exploring this place.
 F = Levels seen in this place.
 G = Mean time per level.
                   A        B        C        D        E       F      G
               +--------+--------+--------+--------+--------+-----+--------+
         Total |  23797 |  22532 |   1265 |   2946 |  16201 |  23 | 1034.7 |
       Dungeon |  13078 |  12496 |    582 |   1845 |   9167 |  11 | 1188.9 |
        Temple |    134 |     82 |     52 |      0 |     63 |   1 |  134.0 |
          Lair |   5698 |   5355 |    343 |    280 |   4173 |   5 | 1139.6 |
         Swamp |   3418 |   3298 |    120 |    821 |   1778 |   4 |  854.5 |
  Orcish Mines |   1467 |   1301 |    166 |      0 |   1020 |   2 |  733.5 |
               +--------+--------+--------+--------+--------+-----+--------+

Top non-repeatable levels by time:
     D:5: 1851 daAuts
    D:11: 1566 daAuts
 Swamp:3: 1504 daAuts
     D:9: 1440 daAuts
  Lair:4: 1373 daAuts
     D:8: 1308 daAuts
  Lair:3: 1291 daAuts
     D:2: 1234 daAuts
  Lair:2: 1218 daAuts
    D:10: 1195 daAuts
     D:4: 1114 daAuts
     D:1: 1064 daAuts
     D:7: 1044 daAuts
  Lair:5: 1019 daAuts
   Orc:2: 975 daAuts
